 Dungeon Crawl Stone Soup version 0.17.1-3-g152610e (webtiles) character file.

252 kaze the Ruffian (level 5, 0/53 HPs)
             Began as a Troll Berserker on Mar 1, 2016.
             Was a Believer of Trog.
             Slain by a hungry ghost (4 damage)
             ... on level 4 of the Dungeon.
             The game lasted 00:06:57 (2461 turns).

kaze the Ruffian (Troll Berserker)                  Turns: 2461, Time: 00:06:57

Health: 0/53       AC: 10    Str: 26    XL:     5   Next: 89%
Magic:  0/4        EV: 10    Int:  3    God:    Trog [**....]
Gold:   148        SH:  0    Dex:  9    Spells: 0 memorised, 4 levels left

rFire  . . .     SeeInvis .     q - +2 mace (protect)
rCold  . . .     Clarity  .     a - +0 animal skin
rNeg   . . .     SustAt   .     (no shield)
rPois  .         Gourm    +     (helmet restricted)
rElec  .         Spirit   +     (no cloak)
rCorr  .         Warding  .     (gloves unavailable)
rMut   .         Stasis   .     (boots unavailable)
MR     .....                    l - amulet of guardian spirit
Stlth  +.........               (no ring)
                                (no ring)

@: exhausted, fainting, slowed, very slow, not resistant to hostile
enchantments, very unstealthy
A: unfitting armour, claws 3, fast metabolism 3, gourmand, regeneration 2,
shaggy fur 1, tough skin 2
a: Berserk, Trog's Hand, Burn Spellbooks, Renounce Religion


You were on level 4 of the Dungeon.
You worshipped Trog.
Trog was pleased with you.
You were fainting.

You visited 1 branch of the dungeon, and saw 4 of its levels.

You collected 148 gold pieces.

Inventory:

Hand Weapons
 q - a +2 mace of protection (weapon)
 w - a +0 hunting sling
Missiles
 o - 73 stones (quivered)
Armour
 a - a +0 animal skin (worn)
Jewellery
 h - an uncursed amulet of stasis
 l - an amulet of guardian spirit (around neck)
Wands
 r - a wand of frost (12)
Scrolls
 e - a scroll of enchant armour {unknown}
 f - a scroll of random uselessness {unknown}
 n - a scroll of recharging {unknown}
 s - 2 scrolls of identify {unknown}
 t - 2 scrolls of teleportation {unknown}
 u - 2 scrolls of fear {unknown}
 x - 2 scrolls of fog {unknown}
Potions
 c - a potion of brilliance {unknown}
 d - 3 potions of curing {unknown}
 j - 2 potions of flight {unknown}
 k - 2 potions of agility {unknown}
 p - a potion of haste {unknown}
 v - a potion of might {unknown}
 z - a potion of lignification {unknown}
 A - a potion of heal wounds {unknown}
 B - a potion of cure mutation {unknown}
Comestibles
 b - 5 bread rations
 i - a beef jerky
 m - 2 fruits
 C - 3 chunks of flesh


   Skills:
 + Level 3.2 Fighting
 + Level 0.5 Maces & Flails
 + Level 2.1 Slings
 + Level 3.6 Dodging
 + Level 3.6 Unarmed Combat


You had 4 spell levels left.
You didn't know any spells.

Dungeon Overview and Level Annotations

Branches:
Dungeon (4/15)
 Temple: D:4-7

Altars:
Elyvilon
The Shining One


Innate Abilities, Weirdness & Mutations

You are too large for most types of armour.
You have claws for hands.
Your metabolism is lightning-fast.
You like to eat raw meat.
You heal very quickly.
You are covered in fur (AC +1).
You have very tough skin (AC +2).


Message History

The hungry ghost hits you.
You feel slightly more hungry.
The iguana bites you but does no damage.
The iguana bites you. The hungry ghost hits you.
You feel slightly more hungry.
You miss the hungry ghost.
The hungry ghost is moderately damaged.
The hungry ghost hits you.
You feel slightly more hungry. The iguana bites you! The hungry ghost hits you.
You feel slightly more hungry. The iguana bites you!
* * * LOW HITPOINT WARNING * * *
You closely miss the hungry ghost.
The hungry ghost is moderately damaged.
The hungry ghost hits you.
* * * LOW HITPOINT WARNING * * *
You feel slightly more hungry. The iguana bites you!
* * * LOW HITPOINT WARNING * * *
The iguana bites you but does no damage.
The hungry ghost barely misses you.
You barely miss the hungry ghost.
The hungry ghost is moderately damaged.
The hungry ghost hits you.
You die...

. .. (.. ###
(((... ..## ###
...(.. ..####..#
.....w####%.......
.....SW@.....(...)
......l......##..#
..%...........## #
............>..#.#
#..............#.#
#................#
#...............##
#..............###
##............#...


You could see a hungry ghost, a worm, an iguana and an adder.

Vanquished Creatures
  Blork the orc (D:4)
  Jessica (D:2)
  Terence (D:2)
  Natasha (thrice) (D:3)
  A worker ant (D:4)
  2 adders (D:3)
  2 giant geckos
  9 orcs (D:3)
  3 bats
  6 goblins
  6 hobgoblins
  2 jackals (D:3)
  A quokka (D:4)
  2 giant cockroaches
  3 giant newts
  7 kobolds
  2 quokka skeletons (D:4)
  5 rats
57 creatures vanquished.

Notes
Turn   | Place    | Note
--------------------------------------------------------------
     0 | D:1      | kaze the Troll Berserker began the quest for the Orb.
     0 | D:1      | Reached XP level 1. HP: 22/22 MP: 0/0
   257 | D:1      | Reached XP level 2. HP: 29/29 MP: 1/1
   293 | D:1      | Found a glowing golden altar of the Shining One.
   652 | D:2      | Found a white marble altar of Elyvilon.
   677 | D:2      | Noticed Jessica
   683 | D:2      | Killed Jessica
   683 | D:2      | Reached XP level 3. HP: 36/36 MP: 2/2
  1162 | D:2      | Noticed Terence
  1180 | D:2      | Killed Terence
  1180 | D:2      | Reached XP level 4. HP: 30/45 MP: 1/3
  1508 | D:3      | Reached ** piety under Trog
  1587 | D:3      | Noticed Natasha
  1594 | D:3      | Killed Natasha
  1881 | D:3      | Noticed Natasha
  1886 | D:3      | Killed Natasha
  1916 | D:3      | Reached XP level 5. HP: 48/53 MP: 4/4
  1963 | D:3      | Reached skill level 1 in Slings
  2096 | D:3      | Noticed Natasha
  2097 | D:3      | Killed Natasha
  2371 | D:4      | Noticed Blork the orc
  2384 | D:4      | Killed Blork the orc
  2449 | D:4      | Noticed a hungry ghost
  2461 | D:4      | Slain by a hungry ghost

Action                   |  1- 3 |  4- 6 || total
-------------------------+-------+-------++-------
Melee: Unarmed           |    41 |       ||    41
       Mace              |       |    57 ||    57
 Fire: Hunting sling     |     9 |   133 ||   142
Throw: Javelin           |       |     5 ||     5
       Stone             |       |     2 ||     2
Invok: Berserk           |     1 |     1 ||     2
       Trog's Hand       |       |     2 ||     2
  Eat: Chunk             |    10 |    11 ||    21
